 Dungeon Crawl Stone Soup version 0.29.0-13-gc9e81de378 (webtiles) character file.

Game seed: 16705666624727997931

9566 ragingrage the Fighter (level 11, 0/78 HPs)
             Began as an Octopode Cinder Acolyte on Sept 7, 2022.
             Was a High Priest of Ignis.
             Slain by a wraith (7 damage)
             ... on level 10 of the Dungeon.
             The game lasted 00:21:09 (14906 turns).

ragingrage the Fighter (Octopode Cinder Acolyte)   Turns: 14906, Time: 00:21:09

Health: 0/78       AC:  1    Str: 13    XL:     11   Next: 48%
Magic:  14/22      EV: 14    Int: 21    God:    Ignis [*****.]
Gold:   638        SH:  2    Dex:  8    Spells: 12/25 levels left

rFire   + + .      SeeInvis .   b - staff of fire
rCold   . . .      Faith    .   l - +0 buckler
rNeg    + + .      Spirit   .   (helmet restricted)
rPois   .          Reflect  .   u - amulet of regeneration
rElec   .          Harm     .   h - ring of positive energy
rCorr   .          Rampage  .   L - ring of positive energy
Will    .....                   (no ring)
Stlth   ++........              (no ring)
HPRegen 1.03/turn               (no ring)
MPRegen 0.18/turn               (no ring)
                                (no ring)
                                (no ring)

@: about to teleport, slowed, very slow
A: almost no armour, amphibious, 8 rings, camouflage 1, gelatinous body 1,
(nimble swimmer 1), tentacles
a: Renounce Religion, Fiery Armour, Foxfire Swarm, Rising Flame


You were on level 10 of the Dungeon.
You worshipped Ignis.
Ignis was extremely pleased with you.
You visited 1 branch of the dungeon, and saw 11 of its levels.
You also visited: Sewer.

You collected 638 gold pieces.

Inventory:

Hand Weapons
 a - a +0 spear of flaming
 y - a +1 whip of electrocution
 A - a +4 scimitar of flaming
Missiles
 p - 2 curare-tipped darts
 s - 27 poisoned darts
 v - a throwing net
Armour
 l - a +0 buckler (worn)
Magical Staves
 b - a staff of fire (weapon)
Jewellery
 h - a ring of positive energy (left tentacle)
 u - an amulet of regeneration (around mantle)
 L - a ring of positive energy (right tentacle)
Wands
 i - a wand of iceblast (20)
 t - a wand of paralysis (6)
 F - a wand of digging (9)
 K - a wand of acid (7)
 M - a wand of polymorph (5)
Scrolls
 c - 2 scrolls of immolation
 d - 2 scrolls of amnesia
 g - 2 scrolls of enchant weapon
 q - 2 scrolls of poison
 r - a scroll of identify {@rr}
 z - 3 scrolls of fog
 B - a scroll of magic mapping
 I - 3 scrolls of teleportation
Potions
 e - 3 potions of flight
 f - 3 potions of cancellation
 j - 2 potions of magic
 k - a potion of lignification
 m - a potion of resistance
 n - a potion of mutation
 w - a potion of ambrosia
 x - a potion of might
 E - 2 potions of curing
 G - 2 potions of haste
 H - 2 potions of brilliance


   Skills:
 + Level 8.3 Fighting
 - Level 3.0 Polearms
 + Level 7.7 Dodging
 * Level 7.7 Spellcasting
 + Level 6.4 Conjurations
 - Level 4.0 Summonings
 - Level 7.5 Fire Magic
 - Level 4.0 Earth Magic


You had 12 spell levels left.
You knew the following spells:

 Your Spells              Type           Power      Damage    Failure   Level
a - Scorch                Fire           100%       2d10      1%          2
b - Stone Arrow           Conj/Erth      60%        3d10      4%          3
c - Call Canine Familiar  Summ           24%        N/A       6%          3
d - Iskenderun's Battles  Conj           35%        2d9       22%         5

Your spell library contained the following spells:

 Spells                   Type           Power      Damage    Failure   Level
 Sandblast                Erth           48%        2d12      2%          1
 Passwall                 Tmut/Erth      13%        N/A       8%          2
 Portal Projectile        Hex/Tloc       16%        N/A       32%         3
 Leda's Liquefaction      Hex/Erth       8%         N/A       43%         4
 Iron Shot                Conj/Erth      15%        9d4       90%         6
 Spellforged Servitor     Conj/Summ      15%        N/A       100%        7


Dungeon Overview and Level Annotations

Branches:
Dungeon (11/15)            Temple (0/1) D:6           Sewer (visited)
   Lair: D:8-11         Orc: D:9-12

Altars:
Cheibriados
Elyvilon
Gozag
Hepliaklqana
Ru
Trog
The Shining One

Shops:
D:1 (

Annotations:
D:1 exclusion: downstairs
D:2 Sigmund, Terence
D:7 exclusion: downstairs
D:9 exclusion: 2 downstairs


Innate Abilities, Weirdness & Mutations

You cannot wear most types of armour.
You are amphibious.
You can wear up to eight rings at the same time.
Your skin changes colour to match your surroundings (Stealth+).
Your rubbery body absorbs attacks. (AC +1, EV +1)
((You are camouflaged when in or above water. (Stealth+)))
You have tentacles for arms and can constrict up to eight enemies at once.


Message History

The wraith hits you!
* * * LOW HITPOINT WARNING * * *
The wraith drains your vigour!
You feel as though you will be slow longer.
Casting: Scorch (safe; 1% risk of failure)
Confirm with . or Enter, or press ? or * to list all spells.
You feel a surge of power!
Flames lash the kobold brigand.
The kobold brigand is burned terribly!
The kobold brigand is heavily wounded.
The kobold brigand hits you with a +0 short sword!
* * * LOW HITPOINT WARNING * * *
The wraith hits you!
* * * LOW HITPOINT WARNING * * *
The kobold brigand barely misses you. The wraith closely misses you.
Casting: Scorch (safe; 1% risk of failure)
Confirm with . or Enter, or press ? or * to list all spells.
You don't know that spell.
You feel much better. The wraith barely misses you.
The kobold brigand hits you with a +0 short sword!
Unknown command.
As you read the scroll of teleportation, it crumbles to dust.
You feel strangely unstable. The kobold brigand misses you.
The wraith hits you. The wraith drains your vigour!
You feel as though you will be slow longer.
The kobold brigand closely misses you. The wraith hits you!
* * * LOW HITPOINT WARNING * * *
Unknown command.
You feel better. The wraith hits you!
* * * LOW HITPOINT WARNING * * *
The wraith drains your vigour!
You feel as though you will be slow longer.
You block the kobold brigand's attack.
You feel better.
The kobold brigand is no longer more vulnerable to fire.
The kobold brigand hits you with a +0 short sword.
* * * LOW HITPOINT WARNING * * *
The wraith hits you!
* * * LOW HITPOINT WARNING * * *
The kobold brigand closely misses you. The wraith hits you!
You die...

######## #.. ..#
#K# #.#
#@####.#####
#####W##.......#
#....K...#.###.#
#.###.####.# #.#
#......# #.#
##########.####
#.......#
#########
#.##.##.#
#.......#
#.##.##.#


You could see a wraith and 2 kobold brigands.

Vanquished Creatures
  Erica (D:8)
  A two-headed ogre (D:9)
  Pikel (D:8)
  A cyclops (D:11)
  Psyche (D:8)
  2 kobold demonologists
  Grinder (D:3)
  A hornet (D:7)
  12 yaks
  A steam dragon (D:9)
  Menkaure (D:6)
  2 acid dragons (D:8)
  A water moccasin (D:7)
  7 orc warriors
  An ice beast (D:7)
  2 ogres
  2 centaurs
  A lemure (D:8)
  A phantom (D:4)
  6 kobold brigands
  A gnoll sergeant (D:8)
  Blork the orc (D:4)
  4 bullfrogs (D:8)
  3 necrophages
  3 scorpions (D:6)
  3 wights (D:10)
  4 howler monkeys
  A nameless horror (D:6)
  An electric eel (D:9)
  A vampire bat (D:4)
  An iron imp (D:6)
  2 gnoll boudas
  4 hounds
  2 jellies (D:6)
  4 orc priests
  Jessica (D:3)
  Natasha (thrice) (D:4)
  3 iguanas
  9 orc wizards
  17 gnolls
  10 adders
  3 river rats (Sewer)
  3 white imps
  5 worms
  3 dart slugs
  3 fire bats (D:4)
  54 orcs
  2 spectral bats (D:4)
  12 ball pythons
  3 bat skeletons (D:4)
  A bat zombie (D:4)
  6 endoplasms
  9 giant cockroaches
  5 goblins
  5 hobgoblins
  19 kobolds
  5 quokkas (D:6)
  14 bats
  A bat simulacrum (D:4)
  A frilled lizard (D:1)
  6 rats
284 creatures vanquished.

Vanquished Creatures (collateral kills)
  4 orcs
4 creatures vanquished.

Vanquished Creatures (others)
  14 foxfires (D:9)
14 creatures vanquished.

Grand Total: 302 creatures vanquished

Notes
Turn   | Place    | Note
-------+----------+-------------------------------------------
     0 | D:1      | ragingrage the Octopode Cinder Acolyte began the quest for
                  | the Orb.
     0 | D:1      | Reached XP level 1. HP: 16/16 MP: 2/2
   196 | D:1      | Reached XP level 2. HP: 21/21 MP: 4/4
   211 | D:1      | Learned a level 2 spell: Scorch
   399 | D:1      | Found Udghiemed's Weapon Emporium.
   742 | D:1      | Reached XP level 3. HP: 19/26 MP: 5/5
  1095 | D:2      | Noticed Sigmund
  1408 | D:3      | Found a white marble altar of Elyvilon.
  1585 | D:3      | Found a faded altar of an unknown god.
  1946 | D:3      | Noticed Grinder
  1953 | D:3      | Paralysed by Grinder for 3 turns
  2048 | D:2      | Noticed Terence
  2128 | D:2      | Reached XP level 4. HP: 31/31 MP: 2/7
  2988 | D:3      | Paralysed by Grinder for 3 turns
  3442 | D:3      | Killed Grinder
  3443 | D:3      | Reached skill level 5 in Fire Magic
  3443 | D:3      | Reached XP level 5. HP: 18/36 MP: 1/10
  3443 | D:3      | Reached XP level 6. HP: 21/42 MP: 1/11
  3678 | D:3      | Noticed Jessica
  3684 | D:3      | Killed Jessica
  4233 | D:4      | Noticed Natasha
  4381 | D:4      | Killed Natasha
  4390 | D:4      | Noticed Natasha
  4443 | D:4      | Killed Natasha
  4545 | D:4      | Noticed Blork the orc
  4550 | D:4      | Killed Blork the orc
  4554 | D:4      | Reached XP level 7. HP: 35/46 MP: 3/13
  4766 | D:4      | Reached skill level 5 in Spellcasting
  4841 | D:4      | Noticed Natasha
  4846 | D:4      | Killed Natasha
  5620 | D:5      | Entered Level 5 of the Dungeon
  5791 | D:5      | Reached XP level 8. HP: 48/52 MP: 3/16
  6708 | D:6      | Found a staircase to the Ecumenical Temple.
  6861 | D:6      | Noticed Menkaure
  6866 | D:6      | Killed Menkaure
  6867 | D:6      | Reached skill level 1 in Dodging
  6873 | D:6      | Found a bloodstained altar of Trog.
  6879 | D:6      | Found a glowing drain.
  6998 | Sewer    | Entered a sewer
  7465 | Sewer    | Reached skill level 4 in Fighting
  7474 | Sewer    | Reached XP level 9. HP: 58/58 MP: 4/19
  8117 | D:6      | Reached skill level 5 in Fighting
  8210 | D:6      | Learned a level 3 spell: Stone Arrow
  8640 | D:6      | Found an opulent altar of Gozag.
  8691 | D:6      | Found a snail-covered altar of Cheibriados.
  8915 | D:7      | Noticed a hornet
  8922 | D:7      | Killed a hornet
  8923 | D:7      | Reached skill level 1 in Conjurations
  8923 | D:7      | Reached skill level 1 in Earth Magic
  9211 | D:7      | Learned a level 3 spell: Call Canine Familiar
  9260 | D:7      | Reached skill level 1 in Summonings
 10003 | D:6      | Reached skill level 5 in Dodging
 10047 | D:6      | Reached skill level 6 in Fighting
 10047 | D:6      | Reached XP level 10. HP: 64/68 MP: 12/20
 10532 | D:8      | Noticed Pikel
 10945 | D:8      | Found a hazy altar of Hepliaklqana.
 10949 | D:8      | Noticed Psyche
 10955 | D:8      | Killed Psyche
 10987 | D:8      | Found a glowing golden altar of the Shining One.
 11148 | D:8      | Noticed Erica
 11159 | D:8      | Killed Erica
 11430 | D:8      | Killed Pikel
 11431 | D:8      | Reached skill level 7 in Fighting
 11653 | D:8      | Reached skill level 5 in Conjurations
 12363 | D:8      | Reached XP level 11. HP: 64/75 MP: 14/21
 13067 | D:9      | Found a sacrificial altar of Ru.
 13416 | D:9      | Noticed a two-headed ogre
 13432 | D:9      | Killed a two-headed ogre
 13433 | D:9      | Reached skill level 8 in Fighting
 13867 | D:9      | You fall into a shaft and drop 1 floor!
 13867 | D:10     | Entered Level 10 of the Dungeon
 14140 | D:10     | Learned a level 5 spell: Iskenderun's Battlesphere
 14154 | D:10     | Noticed a skeletal warrior
 14155 | D:10     | Noticed a skeletal warrior
 14742 | D:11     | Noticed a cyclops
 14749 | D:11     | Killed a cyclops
 14902 | D:10     | HP: 1/78 [wraith (12)]
 14906 | D:10     | Slain by a wraith

Illustrated notes

Levels and vault maps discovered:
D:1:      erik_arrival_blinker_ship, layout_loops_ring, serial_shops, shop
D:2:      layout_rooms, hangedman_decor_growths, uniq_terence, uniq_sigmund
D:3:      layout_loops_corners, lemuel_crystal_altar,
          hellmonk_ecumenical_altar_crossroads, uniq_jessica, uniq_grinder
D:4:      layout_loops_ring, goddamned_bats, uniq_natasha, uniq_blork_the_orc
D:5:      layout_cave_pools
D:6:      layout_cave_pools, nicolae_gozag_cash_rules_everything_around_me,
          slow_altar_2, bloody_trog, minmay_temple_entry_offerings,
          portal_sewer_entry_f, uniq_menkaure
D:7:      layout_cave_pools
D:8:      layout_rooms, mainiacjoe_overflow_large_starburst, special_room
          [special_room_orc], uniq_erica, uniq_psyche, uniq_pikel
D:9:      layout_basic, nicolae_ru_awakened_eye
D:10:     layout_loops_cross, uniq_erolcha, uniq_sonja
D:11:     layout_cave_pools, erik_lair_island, serial_shops, shop,
          hangedman_glass_teeth, uniq_maurice

Skill      XL: |  1  2  3  4  5  6  7  8  9 10 11 |
---------------+----------------------------------+-----
Spellcasting   | 2 3 4 5 7 |  7.7
Fire Magic     | 4 5 6 7 |  7.5
Dodging        | 2 5 6 7 |  7.7
Fighting       | 4 6 7 8 |  8.3
Conjurations   | 2 5 6 |  6.4
Earth Magic    | 2 4 |  4.0
Summonings     | 2 4 |  4.0
Polearms       | |  3.0

Action                   |  1- 3 |  4- 6 |  7- 9 | 10-12 || total
-------------------------+-------+-------+-------+-------++-------
Melee: Spear             |    58 |    17 |       |       ||    75
       Tentacles         |     8 |     2 |     8 |    14 ||    32
       Constrict         |     8 |     3 |     5 |    17 ||    33
       Punch             |       |     1 |     1 |       ||     2
       Staff             |       |     2 |    26 |    51 ||    79
Throw: Dart              |       |     1 |     3 |    19 ||    23
 Cast: Scorch            |    16 |    30 |   196 |   175 ||   417
       Stone Arrow       |       |       |       |     5 ||     5
       Call Canine Famil |       |       |       |     5 ||     5
Invok: Foxfire Swarm     |       |       |       |     1 ||     1
Evoke: Wand              |       |       |     6 |     4 ||    10
  Use: Potion            |     1 |       |       |     4 ||     5
       Scroll            |       |       |     1 |    21 ||    22
 Stab: Sleeping          |     7 |       |       |       ||     7
       Distracted        |     2 |       |       |       ||     2
Armor: Skin              |     4 |     2 |    15 |     7 ||    28
Dodge: Dodged            |    18 |    10 |    70 |   124 ||   222
Block: Buckler           |       |     1 |     8 |    14 ||    23
